 Dungeon Crawl Stone Soup version 0.29-a0-876-gfc89b1a5bd (webtiles) character file.

Game seed: 7886530822612723116

7130 raph the Geomancer (level 10, -6/56 HPs)
             Began as a Deep Elf Earth Elementalist on July 19, 2022.
             Was a Believer of Kikubaaqudgha.
             Mangled by a komodo dragon (26 damage)
             ... on level 10 of the Dungeon.
             The game lasted 00:18:58 (9730 turns).

raph the Geomancer (Deep Elf Earth Elementalist)    Turns: 9730, Time: 00:19:00

Health: -6/56      AC: 11    Str: 12    XL:     10   Next: 85%
Magic:  20/24      EV: 15    Int: 23    God:    Kikubaaqudgha [**....]
Gold:   561        SH:  0    Dex: 15    Spells: 6/26 levels left

rFire   . . .      SeeInvis .   a - staff of earth
rCold   . . .      Faith    .   (no shield)
rNeg    + . .      Spirit   .   i - +5 leather armour "Buribog" {Regen+}
rPois   .          Reflect  .   F - +1 helmet
rElec   .          Harm     .   (no cloak)
rCorr   .          Rampage  .   (no gloves)
Will    +....                   s - +0 pair of boots of Focus {Contam rN+ Str+5}
Stlth   ++++......              (no amulet)
HPRegen 0.98/turn               (no ring)
MPRegen 0.19/turn               (no ring)

@: no status effects
A: no striking features
a: Renounce Religion, Unearth Wretches


You were on level 10 of the Dungeon.
You worshipped Kikubaaqudgha.
Kikubaaqudgha was pleased with you.
You visited 2 branches of the dungeon, and saw 11 of its levels.

You collected 561 gold pieces.

Inventory:

Hand Weapons
 f - a +1 dagger of freezing
 w - a +0 quarterstaff of protection
 D - a +0 shortbow of freezing
Missiles
 e - 140 stones
 o - 5 boomerangs of dispersal
 q - 17 poisoned darts
 z - a throwing net
Armour
 i - the +5 leather armour "Buribog" (worn) {Regen+}
   (You found it on level 2 of the Dungeon)

   Regen:     It increases your rate of health regeneration.
 s - the +0 pair of boots of Focus (worn) {Contam rN+ Str+5}
   (You acquired it on level 9 of the Dungeon)

   Str:       It affects your strength (+5).
   rN:        It protects you from negative energy.
   Contam:    It causes magical contamination when unequipped.
 C - +0 acid dragon scales
 F - a +1 helmet (worn)
Magical Staves
 a - a staff of earth (weapon)
 b - a staff of death
Jewellery
 h - a ring of magical power
 x - a ring of ice
 y - a ring of fire
Wands
 m - a wand of polymorph (9)
Scrolls
 k - 3 scrolls of enchant weapon
 n - 4 scrolls of teleportation
 p - a scroll of poison
 B - a scroll of fog
Potions
 c - 3 potions of might
 d - a potion of brilliance {unknown}
 g - 3 potions of lignification
 j - a potion of heal wounds
 l - 6 potions of curing
 r - a potion of haste {unknown}
 t - a potion of flight
 u - 2 potions of magic
 v - a potion of berserk rage {unknown}


   Skills:
 + Level 3.9 Fighting
 + Level 3.9 Armour
 + Level 7.6 Dodging
 + Level 8.3 Stealth
 + Level 8.5 Spellcasting
 * Level 8.1 Necromancy
 - Level 1.1 Transmutations
 * Level 10.0 Earth Magic


You had 6 spell levels left.
You knew the following spells:

 Your Spells              Type           Power      Damage    Failure   Level
a - Sandblast             Erth           100%       2d20      1%          1
b - Passwall              Tmut/Erth      43%        N/A       1%          2
c - Stone Arrow           Conj/Erth      98%        3d13      3%          3
d - Summon Small Mammal   Summ           36%        N/A       9%          1
e - Apportation           Tloc           18%        N/A       9%          1
f - Necrotise             Necr           100%       1d9       1%          1
g - Sublimation of Blood  Necr           47%        N/A       1%          2
h - Blink                 Tloc           18%        N/A       13%         2
i - Vampiric Draining     Necr           47%        2d9       1%          3
j - Animate Dead          Necr           47%        N/A       3%          4

Your spell library contained the following spells:

 Spells                   Type           Power      Damage    Failure   Level
 Foxfire                  Conj/Fire      36%        2x1d5     9%          1
 Freeze                   Ice            36%        1d6       9%          1
 Wereblood                Tmut           14%        N/A       9%          2
 Petrify                  Tmut/Erth      52%        N/A       9%          4
 Conjure Flame            Conj/Fire      9%         6-21      26%         3
 Frozen Ramparts          Ice            18%        1d3       26%         3
 Gell's Gravitas          Tloc           9%         N/A       26%         3
 Inner Flame              Hex/Fire       9%         N/A       26%         3
 Lesser Beckoning         Tloc           9%         N/A       26%         3
 Teleport Other           Tloc           9%         N/A       26%         3
 Tukima's Dance           Hex            9%         N/A       26%         3
 Ice Form                 Ice/Tmut       12%        N/A       54%         4
 Flame Wave               Conj/Fire      9%         2d5       63%         4
 Hailstorm                Conj/Ice       9%         3d4       63%         4
 Passage of Golubria      Tloc           9%         N/A       63%         4
 Summon Ice Beast         Ice/Summ       9%         N/A       63%         4
 Yara's Violent Unravell  Hex/Tmut       6%         3d5       88%         5
 Manifold Assault         Tloc           9%         N/A       93%         5
 Storm Form               Tmut/Air       6%         N/A       100%        7
 Summon Hydra             Summ           4%         N/A       100%        7


Dungeon Overview and Level Annotations

Branches:
Dungeon (10/15)            Temple (1/1) D:4             Orc (0/2) D:9
   Lair: D:8-11

Altars:
Ashenzari
Cheibriados
Dithmenos
Elyvilon
Fedhas
Gozag
Hepliaklqana
Kikubaaqudgha
Makhleb
Nemelex Xobeh
Okawaru
Qazlal
Ru
Sif Muna
Trog
Uskayaw
Vehumet
Wu Jian
Xom
Yredelemnul
Zin
The Shining One

Annotations:
D:3 2 transporters
D:5 3 runed translucent doors, MirrMurr's ghost, novice GnGl
D:9 Amaemon


Message History

You climb downwards.
The komodo dragon hisses angrily.
Found 21 gold pieces.
There is a stone staircase leading up here.
Casting: Apportation (safe; 9% risk of failure)
Confirm with . or Enter, or press ? or * to list all spells.
Aiming: Apportation (safe; 9% risk of failure)
Press: ? - help, Dir - move target, f - komodo dragon Apport: 13 gold pieces Yoink!
You pull the items towards yourself.
Unknown command.
Aiming: Sandblast (safe; 1% risk of failure)
Press: ? - help, Q - select action, (/) - cycle Shift-Dir - straight line, f/p - komodo dragon
Aim: a komodo dragon (88% to hit)
You feel a surge of power!
The blast of sand hits the komodo dragon but does no damage.
The komodo dragon closely misses you.
Aiming: Sandblast (safe; 1% risk of failure)
Press: ? - help, Q - select action, (/) - cycle Shift-Dir - straight line, f/p - komodo dragon
Aim: a komodo dragon (88% to hit)
You feel a surge of power!
The blast of sand hits the komodo dragon!!
The komodo dragon is heavily wounded.
The komodo dragon bites you. The komodo dragon bites you!!
Aiming: Sandblast (safe; 1% risk of failure)
Press: ? - help, Q - select action, (/) - cycle Shift-Dir - straight line, f/p - komodo dragon
Aim: a komodo dragon (heavily wounded, 88% to hit)
You feel a surge of power!
The blast of sand hits the komodo dragon but does no damage.
The komodo dragon is heavily wounded.
The komodo dragon bites you! The komodo dragon barely misses you.
Aiming: Sandblast (safe; 1% risk of failure)
Press: ? - help, Q - select action, (/) - cycle Shift-Dir - straight line, f/p - komodo dragon
Aim: a komodo dragon (heavily wounded, 88% to hit)
You feel a surge of power!
The blast of sand hits the komodo dragon.
The komodo dragon is heavily wounded.
The komodo dragon bites you!!
You die...
Kikubaaqudgha rasps: "You have failed me!
Welcome... death!"

# .#### #
####....$
#.##.....#
#..l....#
#@#
#.......#
#.##.##.#
# #.# #
#.# ...
... ...


You could see a komodo dragon.

Vanquished Creatures
  2 two-headed ogres
  A hornet (D:9)
  Sigmund (D:2)
  A vampire (D:9)
  2 wyverns
  14 yaks
  4 steam dragons
  An acid dragon (D:8)
  A black bear (D:4)
  An ice beast (D:6)
  A sky beast (D:6)
  2 orc warriors
  2 centaurs
  3 bullfrogs
  A kobold brigand (D:9)
  2 scorpions
  2 necrophages
  A howler monkey (D:9)
  A crimson imp (D:9)
  3 jellies
  A gnoll bouda (D:8)
  7 hounds
  5 orc priests
  4 iguanas
  2 orc wizards
  A mummy (D:4)
  8 adders
  5 gnolls
  A shadow imp (D:5)
  3 white imps
  3 ufetubi (D:5)
  3 worms
  7 dart slugs
  13 orcs
  7 endoplasms
  5 giant cockroaches
  6 goblins
  9 hobgoblins
  3 jackals (D:4)
  6 quokkas
  9 ball pythons
  3 bats
  A frilled lizard (D:2)
  A hobgoblin zombie (D:4)
  9 kobolds
  3 kobold zombies (D:4)
  4 rats
175 creatures vanquished.

Vanquished Creatures (collateral kills)
  A wyvern (D:9)
  A yak (D:9)
  A howler monkey (D:9)
  An orc (D:8)
  4 kobolds (D:9)
8 creatures vanquished.

Vanquished Creatures (others)
  4 yak zombies (D:9)
  A howler monkey zombie (D:9)
  4 kobold zombies (D:9)
  6 plants (D:3)
15 creatures vanquished.

Grand Total: 198 creatures vanquished

Notes
Turn   | Place    | Note
-------+----------+-------------------------------------------
     0 | D:1      | raph the Deep Elf Earth Elementalist began the quest for
                  | the Orb.
     0 | D:1      | Reached XP level 1. HP: 10/10 MP: 6/6
   381 | D:1      | Reached XP level 2. HP: 15/15 MP: 6/8
   837 | D:1      | Learned a level 2 spell: Passwall
  1077 | D:1      | Reached XP level 3. HP: 19/19 MP: 6/9
  1200 | D:2      | Noticed Sigmund
  1337 | D:2      | Learned a level 1 spell: Summon Small Mammal
  1341 | D:2      | Learned a level 3 spell: Stone Arrow
  1442 | D:2      | Learned a level 1 spell: Apportation
  1448 | D:2      | Identified the +5 leather armour "Buribog" {Regen+} (You
                  | found it on level 2 of the Dungeon)
  1507 | D:2      | Reached skill level 4 in Earth Magic
  1612 | D:2      | Identified a scroll of acquirement
  1612 | D:2      | Acquired a staff of earth
  1783 | D:2      | Killed Sigmund
  1784 | D:2      | Reached skill level 5 in Earth Magic
  1784 | D:2      | Reached XP level 4. HP: 22/24 MP: 9/12
  1784 | D:2      | Reached XP level 5. HP: 25/28 MP: 9/13
  2126 | D:3      | Found a transporter.
  2135 | D:3      | Found a transporter.
  2138 | D:3      | Identified the +11 spear of the Secret Mice {venom, rCorr
                  | Str+4 Dex-3}
  2716 | D:4      | Reached XP level 6. HP: 32/32 MP: 12/14
  2866 | D:4      | Reached skill level 5 in Spellcasting
  2913 | D:4      | Found a staircase to the Ecumenical Temple.
  2923 | D:4      | Reached skill level 6 in Earth Magic
  2924 | D:4      | Reached XP level 7. HP: 22/36 MP: 10/16
  2967 | Temple   | Entered the Ecumenical Temple
  3023 | Temple   | Became a worshipper of Kikubaaqudgha
  3344 | D:4      | Reached skill level 5 in Stealth
  3870 | D:5      | Entered Level 5 of the Dungeon
  3877 | D:5      | Learned a level 1 spell: Necrotise
  4093 | D:5      | Reached * piety under Kikubaaqudgha
  4093 | D:5      | Received a gift from Kikubaaqudgha
  4175 | D:5      | Found a hide-covered altar of Uskayaw.
  4228 | D:5      | Reached skill level 1 in Necromancy
  4274 | D:5      | Found a runed translucent gate.
  4274 | D:5      | Found a runed translucent gate.
  4277 | D:5      | Found a runed translucent gate.
  4305 | D:5      | Reached skill level 5 in Dodging
  4340 | D:5      | Found a bloodstained altar of Trog.
  4549 | D:5      | Noticed MirrMurr's ghost (novice GnGl)
  4820 | D:5      | Reached skill level 1 in Fighting
  5141 | D:5      | Learned a level 2 spell: Sublimation of Blood
  5144 | D:5      | Learned a level 2 spell: Blink
  5148 | D:5      | Learned a level 3 spell: Vampiric Draining
  5236 | D:6      | Reached skill level 1 in Armour
  5256 | D:6      | Found a radiant altar of Vehumet.
  5276 | D:6      | Reached skill level 7 in Earth Magic
  5276 | D:6      | Reached XP level 8. HP: 43/43 MP: 0/18
  5404 | D:6      | Found a sacrificial altar of Ru.
  5942 | D:6      | Found a shimmering blue altar of Sif Muna.
  6105 | D:6      | Found an iron altar of Okawaru.
  6309 | D:7      | Reached XP level 9. HP: 41/48 MP: 17/20
  6390 | D:7      | Reached ** piety under Kikubaaqudgha
  6391 | D:7      | Reached skill level 8 in Earth Magic
  6935 | D:7      | Reached skill level 5 in Necromancy
  7319 | D:8      | Reached skill level 9 in Earth Magic
  7487 | D:8      | Found an ornate altar of the Wu Jian Council.
  7535 | D:8      | Noticed a two-headed ogre
  7770 | D:8      | Learned a level 4 spell: Animate Dead
  7804 | D:8      | Killed a two-headed ogre
  7805 | D:8      | Reached XP level 10. HP: 50/56 MP: 17/23
  7942 | D:8      | Found a broken altar of Ashenzari.
  8174 | D:8      | Found an opulent altar of Gozag.
  8650 | D:9      | Noticed Amaemon
  8650 | D:9      | Noticed an orange demon
  8803 | D:9      | Found a staircase to the Orcish Mines.
  8948 | D:9      | Noticed a two-headed ogre
  8982 | D:9      | Found a burning altar of Makhleb.
  8982 | D:9      | Found a shimmering altar of Xom.
  9085 | D:9      | Killed a two-headed ogre
  9351 | D:9      | Acquired the +0 pair of boots of Focus {Contam rN+ Str+5}
  9415 | D:9      | Reached skill level 10 in Earth Magic
  9437 | D:9      | Paralysed by a hornet for 2 turns
  9725 | D:10     | Entered Level 10 of the Dungeon
  9730 | D:10     | Mangled by a komodo dragon

Illustrated notes

Levels and vault maps discovered:
D:1:      dpeg_arrival_castle, layout_loops_corners
D:2:      layout_basic, uniq_sigmund
D:3:      layout_rooms, gammafunk_ghost_gnarly_gnolls, st_stairs_6,
          glass_columns_b
D:4:      nicolae_cairo_tiling, layout_basic, minmay_temple_entry_proselytizer,
          cheibrodos_sewer_entry_bend, minmay_misc_feat_plants,
          minmay_mini_ossuary
D:5:      layout_basic, mainiacjoe_overflow_paths,
          mainiacjoe_overflow_small_starburst, gammafunk_ghost_icy,
          roderic_lattice_a, minmay_stone_trees_small,
          hangedman_decor_slide_cut, kennysheep_flooded_box
D:6:      layout_basic, marbit_many_paths, mainiacjoe_overflow_catch_the_wave,
          okawaru_altar_gauntlet_db, minmay_misc_feat_x
D:7:      layout_basic
D:8:      layout_cave_pods, grunt_gozag_breadcrumbs, amcnicky_altar_gilded,
          mainiacjoe_overflow_boulevard
D:9:      layout_loops_ring, grunt_temple_overflow_champion_of_chaos,
          orc_0_dummy, nzn_life_drinkers, uniq_amaemon
D:10:     layout_loops_cross, lair_entry_dummy, serial_shops, kennysheep_mini,
          minmay_misc_feat_ornament, hangedman_abyss_or_decor_passed
Temple:   hellmonk_temple_of_storms

Skill      XL: |  1  2  3  4  5  6  7  8  9 10 |
---------------+-------------------------------+-----
Dodging        | 3 4 5 6 7 |  7.6
Stealth        | 4 5 6 7 8 |  8.3
Earth Magic    | 5 6 7 9 10 | 10.0
Spellcasting   | 4 5 6 7 8 |  8.5
Necromancy     | 2 4 6 8 |  8.1
Fighting       | 1 2 3 |  3.9
Armour         | 1 2 3 |  3.9
Transmutations | |  1.1

Action                   |  1- 3 |  4- 6 |  7- 9 | 10-12 || total
-------------------------+-------+-------+-------+-------++-------
Melee: Staff             |       |     1 |     2 |       ||     3
Throw: Stone             |     2 |       |       |       ||     2
       Dart              |       |       |     4 |       ||     4
 Cast: Sandblast         |    45 |    41 |   133 |    52 ||   271
       Apportation       |     3 |       |       |     2 ||     5
       Stone Arrow       |     1 |     4 |    13 |     8 ||    26
       Summon Small Mamm |     1 |       |       |     1 ||     2
       Necrotise         |       |       |     5 |     1 ||     6
       Vampiric Draining |       |       |     6 |     6 ||    12
       Blink             |       |       |     1 |       ||     1
       Animate Dead      |       |       |       |     4 ||     4
       Passwall          |       |       |       |     1 ||     1
  Use: Scroll            |     6 |     1 |     8 |     7 ||    22
Armor: Robe              |     4 |       |       |       ||     4
       Leather armour    |     5 |     8 |    25 |     6 ||    44
Dodge: Dodged            |    14 |     8 |    73 |    40 ||   135

Table legend: (Time is in decaauts)
 A = Elapsed time spent in this place.
 B = Non-inter-level travel time spent in this place.
 C = Inter-level travel time spent in this place.
 D = Time resting spent in this place.
 E = Time spent auto-exploring this place.
 F = Levels seen in this place.
 G = Mean time per level.
                   A        B        C        D        E       F      G
               +--------+--------+--------+--------+--------+-----+--------+
         Total |  10012 |   9504 |    508 |   1798 |   5811 |  11 |  910.2 |
       Dungeon |   9940 |   9446 |    494 |   1798 |   5811 |  10 |  994.0 |
        Temple |     71 |     57 |     14 |      0 |      0 |   1 |   71.0 |
               +--------+--------+--------+--------+--------+-----+--------+

Top non-repeatable levels by time:
     D:8: 1456 daAuts
     D:1: 1272 daAuts
     D:4: 1255 daAuts
     D:5: 1190 daAuts
     D:9: 1164 daAuts
     D:7: 1033 daAuts
     D:6: 1031 daAuts
     D:3: 767 daAuts
     D:2: 761 daAuts
  Temple: 71 daAuts
    D:10: 7 daAuts
